 Dungeon Crawl Stone Soup version 0.28-b1-1-g3c77fb2ed1 (webtiles) character file.

Game seed: 16276005600337652560

126545 KamiKatze the Executioner (level 16, 0/149 HPs)
             Began as a Minotaur Berserker on Jan 29, 2022.
             Was the Champion of Trog.
             Slain by a naga mage (9 damage)
             ... on level 1 of the Snake Pit.
             The game lasted 02:05:25 (24924 turns).

KamiKatze the Executioner (Minotaur Berserker)     Turns: 24924, Time: 02:05:25

Health: 0/149      AC: 21    Str: 33    XL:     16   Next: 44%
Magic:  0/15       EV: 15    Int:  8    God:    Trog [******]
Gold:   1302       SH:  0    Dex: 10    Spells: 15/15 levels left

rFire   + . .      SeeInvis .   a - +1 battleaxe (vamp)
rCold   + . .      Faith    .   (shield currently unavailable)
rNeg    . . .      Spirit   .   N - +3 chain mail of Inference {rElec Regen+ Int+4}
rPois   .          Reflect  .   S - +1 hat
rElec   +          Harm     .   z - scarf {repulsion}
rCorr   +          Rampage  .   G - +0 pair of gloves
Will    +....      NoCast   +   O - +1 pair of boots
Stlth   ..........              g - amulet of Viatat {Acrobat -Cast rF+ Str+3}
HPRegen 1.14/turn               y - ring "Muojusti" {rF+ EV+4}
MPRegen 0.14/turn               r - ring "Ijory" {Ice rCorr}

@: lethally poisoned (0 -> -3), slowed, constricted, repel missiles, very slow
A: horns 2, retaliatory headbutt
a: Renounce Religion, Berserk, Trog's Hand, Brothers in Arms


You were on level 1 of the Snake Pit.
You worshipped Trog.
Trog was exalted by your worship.
You visited 5 branches of the dungeon, and saw 25 of its levels.
You also visited: Bailey, Gauntlet and Ice Cave.

You collected 2750 gold pieces.
You spent 1448 gold pieces at shops.

Inventory:

Hand Weapons
 a - a +1 vampiric battleaxe (weapon)
 b - a +4 battleaxe of venom
 w - a +6 executioner's axe of flaming
 F - a +5 trident
 J - a +3 executioner's axe of flaming
 T - the +7 battleaxe "Xumn" {freeze, Int+4}
   (You bought it in a shop on level 2 of the Orcish Mines)

   It freezes those it strikes, dealing additional cold damage.
   It can also slow down cold-blooded creatures.
   Int:       It affects your intelligence (+4).
Missiles
 j - 123 stones
 o - 31 poisoned darts (quivered)
 u - 2 curare-tipped darts
 A - a throwing net
 H - 6 atropa-tipped darts
Armour
 z - a scarf of repulsion (worn)
 G - a +0 pair of gloves (worn)
 L - the +4 scale mail of the Big Bang {Int+5 SInv}
   (You found it in a bailey)

   Int:       It affects your intelligence (+5).
   SInv:      It lets you see invisible.
 N - the +3 chain mail of Inference (worn) {rElec Regen+ Int+4}
   (You found it on level 11 of the Dungeon)

   Int:       It affects your intelligence (+4).
   rElec:     It insulates you from electricity.
   Regen:     It increases your rate of health regeneration.
 O - a +1 pair of boots (worn)
 S - a +1 hat (worn)
 Y - the +1 ice dragon scales of Odou {rF- rC++ Will+ Str+3}
   (You found it in an ice cave)

   Str:       It affects your strength (+3).
   rF:        It makes you vulnerable to fire.
   rC:        It greatly protects you from cold.
   Will:      It increases your willpower.
Jewellery
 g - the amulet of Viatat (around neck) {Acrobat -Cast rF+ Str+3}
   (You found it in an ice cave)

   [amulet of the acrobat]

   It increases your evasion while moving and waiting.
   Str:       It affects your strength (+3).
   rF:        It protects you from fire.
   -Cast:     It prevents spellcasting.
 r - the ring "Ijory" (right hand) {Ice rCorr}
   (You found it in a bailey)

   [ring of ice]

   It enhances your ice magic.
   rF:        It makes you vulnerable to fire.
   rC:        It protects you from cold.
   rCorr:     It protects you from acid and corrosion.
 y - the ring "Muojusti" (left hand) {rF+ EV+4}
   (You found it in a Gauntlet)

   [ring of evasion]

   EV:        It affects your evasion (+4).
   rF:        It protects you from fire.
 E - a ring of ice
 U - a ring of protection from fire
 V - a ring of resist corrosion
 X - a +6 ring of intelligence
 Z - the ring "Veystric" {rPois rC- rCorr MP+9 Dex+3}
   (You found it in an ice cave)

   [ring of resist corrosion]

   Dex:       It affects your dexterity (+3).
   rC:        It makes you vulnerable to cold.
   rPois:     It protects you from poison.
   MP:        It affects your magic capacity (+9).
   rCorr:     It protects you from acid and corrosion.
Wands
 f - a wand of iceblast (19)
 I - a wand of flame (7)
 Q - a wand of mindburst (15)
Scrolls
 e - 3 scrolls of identify
 i - a scroll of holy word
 l - 7 scrolls of teleportation
 v - 5 scrolls of blinking
 B - 7 scrolls of fear
 C - 2 scrolls of magic mapping
Potions
 c - a potion of magic
 h - 7 potions of curing
 k - 2 potions of attraction
 p - 6 potions of heal wounds
 q - a potion of invisibility
 s - 6 potions of might
 x - 3 potions of flight
 D - 2 potions of haste
 K - 3 potions of ambrosia {unknown}
 M - 5 potions of resistance
 W - 2 potions of cancellation
Miscellaneous
 P - a phial of floods


   Skills:
 + Level 15.6 Fighting
 * Level 21.2 Axes
 + Level 15.3 Armour
 + Level 14.3 Dodging
 + Level 9.8 Evocations


You had 15 spell levels left.
You didn't know any spells.
Your spell library was empty.

Dungeon Overview and Level Annotations

Branches:
Dungeon (15/15)            Temple (1/1) D:5            Lair (6/6) D:8
 Shoals (0/4) Lair:4        Snake (1/4) Lair:4        Slime (0/5) Lair:6
    Orc (2/2) D:12            Elf (0/3) Orc:2        Vaults (0/5) D:14
 Depths (0/4) D:15         Bailey (visited)           IceCv (visited)
Gauntlet (visited)

Altars:
Ashenzari
Cheibriados
Dithmenos
Elyvilon
Fedhas
Gozag
Hepliaklqana
Kikubaaqudgha
Makhleb
Nemelex Xobeh
Okawaru
Qazlal
Ru
Sif Muna
Trog
Uskayaw
Vehumet
Wu Jian
Xom
Yredelemnul
Zin
The Shining One
Beogh

Shops:
Orc:1 !   Orc:2 ([*:

Annotations:
D:4 1 runed translucent door, exclusion: door, ghwc's ghost, weakling OpDe
D:5 exclusion: gargoyle


Innate Abilities, Weirdness & Mutations

You have a pair of horns on your head.
You reflexively headbutt those who attack you in melee.


Message History

The naga warrior constricts you.
* * * LOW HITPOINT WARNING * * *
The naga mage completely misses you.
A mana viper comes into view.
Unknown command.
Unknown command.
The black mamba hisses angrily.
You slash the naga warrior!
You feel better.
The naga warrior is heavily wounded.
You barely miss the naga mage. You slash the mana viper!
You barely miss the naga mage. You slash the guardian serpent!
You feel better.
You feel very sick.
You hear a shout!
The mana viper bites you!
* * * LOW HITPOINT WARNING * * *
You feel your power leaking away.
The guardian serpent coils itself and waves its upper body at you.
The bolt of poison misses you. The naga mage hits you with a +0 spear!
* * * LOW HITPOINT WARNING * * *
The mana viper bites you!
* * * LOW HITPOINT WARNING * * *
The naga mage hits you with a +0 flail!!
* * * LOW HITPOINT WARNING * * *
The naga warrior barely misses you. You furiously retaliate!
You headbutt the naga warrior, but do no damage.
The naga warrior constricts you. The guardian serpent hits you.
* * * LOW HITPOINT WARNING * * *
Okay, then.
You feel much better.
You feel very sick.
The naga mage points at you and mumbles some strange words.
The bolt of poison misses you.
The bolt of poison hits the naga mage!
The black mamba bites you but does no damage.
The naga mage closely misses you. You furiously retaliate!
You headbutt the naga mage.
The mana viper bites you but does no damage.
The guardian serpent hits you!
* * * LOW HITPOINT WARNING * * *
The naga mage hits you with a +0 spear!
You die...

........# ###
.......###..#
S..N....|.#
.../.....# #
#..S.....# .##
#........#...#
#.SSN....#....
##.)@S.........
..#..NN)........#
#...?.........##
##......)...$..#
#......).......
##....N.....#..
#...N.....##
###.......#
#.#.....#


You could see a naga warrior (curare), 2 mana vipers, a guardian serpent, 2
black mambas, 2 naga magi and 3 nagas.

Vanquished Creatures
  Rupert (D:15)
  An azure jelly (IceCv)
  5 orc warlords
  3 quicksilver oozes (IceCv)
  A dire elephant (Gauntlet)
  A minotaur (Gauntlet)
  Snorg (Orc:2)
  Josephine (D:14)
  A rakshasa (D:14)
  Fannar (Lair:2)
  5 boulder beetles
  7 hydras
  8 vault guards (D:14)
  3 catoblepae
  Erica (Orc:1)
  4 centaur warriors (D:15)
  4 death yaks
  5 two-headed ogres
  A tengu warrior (D:15)
  A vampire mage (D:15)
  3 orc high priests
  A skeletal warrior (D:15)
  8 orc knights
  A stone giant zombie (D:15)
  A necromancer (D:15)
  4 deep elf pyromancers
  A sphinx zombie (D:15)
  A wolf spider (Lair:6)
  13 ugly things
  8 orc sorcerers
  A worldbinder (Gauntlet)
  2 manticores (D:15)
  A salamander (Snake:1)
  2 elephants (Gauntlet)
  3 cyclopes
  11 black mambas
  4 molten gargoyles (D:12)
  A torpor snail (Lair:6)
  14 cane toads
  A guardian serpent (Lair:6)
  2 ice statues (IceCv)
  3 kobold demonologists
  An efreet (D:13)
  A minotaur zombie (Gauntlet)
  2 rime drakes
  4 yaktaurs (D:13)
  11 komodo dragons
  4 entropy weaver simulacra (IceCv)
  6 meliai
  A polar bear (Lair:1)
  2 hornets (Lair:6)
  8 trolls
  A spriggan zombie (D:15)
  28 blink frogs
  13 dream sheep
  23 slime creatures
  4 centaur simulacra
  A shadow (D:6)
  8 wraiths
  20 wyverns
  60 yaks
  5 basilisks
  A steam dragon (D:8)
  2 redbacks (Lair:6)
  5 wargs
  5 vampire mosquitoes
  6 nagas (Snake:1)
  Edmund (D:5)
  2 acid dragons
  5 demonic crawler simulacra (IceCv)
  28 water moccasins
  55 orc warriors
  7 black bears
  A necrophage (D:7)
  3 ugly thing simulacra (IceCv)
  15 ogres
  6 wolves (Lair:3)
  A boggart (Gauntlet)
  14 centaurs
  3 kobold brigands
  20 bullfrogs
  A glowing shapeshifter simulacrum (IceCv)
  A gnoll sergeant (D:7)
  2 scorpions
  A cane toad simulacrum (Gauntlet)
  A wyvern skeleton (D:7)
  11 killer bees
  20 wights
  3 centaur zombies
  A jelly (D:4)
  5 hounds
  A centaur skeleton (D:7)
  A bullfrog skeleton (D:6)
  24 orc priests
  2 iguanas
  30 orc wizards
  2 hound skeletons (D:4)
  2 howler monkey zombies
  3 gnolls (D:7)
  9 adders
  2 howler monkey skeletons
  13 white imps
  An ufetubus (D:5)
  A dart slug (D:5)
  113 orcs
  3 ball pythons
  3 bats
  7 endoplasms
  3 giant cockroaches
  7 hobgoblins
  2 jackals (D:4)
  10 kobolds
  4 frilled lizards
  15 goblins
  6 rats
  23 bushes
857 creatures vanquished.

Vanquished Creatures (collateral kills)
  An ogre mage (D:15)
  2 two-headed ogres (D:15)
  A skeletal warrior (D:15)
  A titan skeleton (D:15)
  A bush (D:15)
6 creatures vanquished.

Vanquished Creatures (others)
  An orc priest (Orc:1)
  A bush (Lair:2)
  77 fungi
  117 plants
  8 withered plants (D:15)
204 creatures vanquished.

Grand Total: 1067 creatures vanquished

Notes
Turn   | Place    | Note
-------+----------+-------------------------------------------
     0 | D:1      | KamiKatze the Minotaur Berserker began the quest for the
                  | Orb.
     0 | D:1      | Reached XP level 1. HP: 19/19 MP: 0/0
   142 | D:1      | Reached XP level 2. HP: 10/27 MP: 1/1
   147 | D:1      | Reached skill level 4 in Axes
   686 | D:2      | Reached XP level 3. HP: 25/33 MP: 2/2
   751 | D:2      | Found a faded altar of an unknown god.
   899 | D:2      | Reached ** piety under Trog
  1300 | D:3      | Reached XP level 4. HP: 25/40 MP: 3/3
  2030 | D:4      | Reached skill level 5 in Axes
  2080 | D:4      | Reached XP level 5. HP: 40/47 MP: 4/4
  2187 | D:4      | Noticed a black bear
  2209 | D:4      | Killed a black bear
  2210 | D:4      | Reached skill level 5 in Fighting
  2210 | D:4      | Reached skill level 6 in Axes
  2210 | D:4      | Reached XP level 6. HP: 56/56 MP: 5/5
  2418 | D:4      | Found a runed translucent door.
  2421 | D:4      | Noticed ghwc's ghost (weakling OpDe)
  2497 | D:4      | Found a shimmering blue altar of Sif Muna.
  2795 | D:5      | Entered Level 5 of the Dungeon
  2860 | D:5      | Noticed a water moccasin
  2867 | D:5      | Killed a water moccasin
  2969 | D:5      | Noticed Edmund
  2998 | D:5      | Killed Edmund
  2999 | D:5      | Reached XP level 7. HP: 61/61 MP: 6/6
  3150 | D:5      | Reached skill level 7 in Axes
  3273 | D:5      | Noticed a wyvern
  3274 | D:5      | Noticed a gargoyle
  3293 | D:5      | Reached *** piety under Trog
  3353 | D:5      | Reached skill level 5 in Armour
  3578 | D:5      | Found a staircase to the Ecumenical Temple.
  3584 | Temple   | Entered the Ecumenical Temple
  3908 | D:5      | Reached XP level 8. HP: 70/70 MP: 7/7
  4107 | D:6      | Reached skill level 8 in Axes
  4107 | D:6      | Reached skill level 5 in Dodging
  4872 | D:6      | Reached skill level 9 in Axes
  5725 | D:7      | Reached **** piety under Trog
  5811 | D:7      | Reached XP level 9. HP: 61/79 MP: 8/8
  6118 | D:7      | Reached skill level 10 in Axes
  6825 | D:7      | Found a glowing silver altar of Zin.
  6915 | D:8      | Noticed a komodo dragon
  7271 | D:7      | Reached skill level 11 in Axes
  7501 | D:8      | Found a burning altar of Makhleb.
  7652 | D:8      | Noticed a kobold demonologist
  7660 | D:8      | Killed a kobold demonologist
  7661 | D:8      | Reached XP level 10. HP: 90/90 MP: 9/9
  7836 | D:8      | Found a staircase to the Lair.
  8340 | D:9      | You fall into a shaft and drop 2 floors!
  8345 | D:11     | Found a broken altar of Ashenzari.
  8352 | D:11     | Noticed a boulder beetle
  8366 | D:11     | Killed a boulder beetle
  8367 | D:11     | Reached skill level 12 in Axes
  8367 | D:11     | Reached skill level 1 in Evocations
  8376 | D:11     | Noticed a four-headed hydra
  8388 | D:11     | Killed a four-headed hydra
  8474 | D:10     | Entered Level 10 of the Dungeon
  8909 | D:9      | Reached ***** piety under Trog
  8980 | D:9      | Found a bloodstained altar of Trog.
  9044 | D:10     | Found a flagged portal.
  9064 | Bailey   | Entered a bailey
  9271 | Bailey   | Noticed an orc knight
  9292 | Bailey   | Killed an orc knight
  9360 | Bailey   | Reached skill level 13 in Axes
  9360 | Bailey   | Reached XP level 11. HP: 72/99 MP: 10/10
  9450 | Bailey   | Found a large runed translucent door.
  9450 | Bailey   | Found a large runed translucent door.
  9467 | Bailey   | Noticed a deep elf pyromancer
  9468 | Bailey   | Found the +4 moon troll leather armour {Spirit, Regen++
                  | MP+5}
  9514 | Bailey   | Killed a deep elf pyromancer
  9544 | Bailey   | Identified the ring "Ijory" {Ice rCorr}
  9547 | Bailey   | Identified the +4 scale mail of the Big Bang {Int+5 SInv}
  9718 | D:9      | Noticed a deep elf pyromancer
  9729 | D:9      | Killed a deep elf pyromancer
  9730 | D:9      | Reached skill level 10 in Fighting
 10346 | D:10     | Noticed a catoblepas
 10359 | D:10     | Killed a catoblepas
 10553 | D:10     | Reached skill level 10 in Armour
 10695 | D:10     | Reached skill level 14 in Axes
 11028 | D:11     | Identified the +3 leather armour "Qoesoh" {Harm Str+2}
 11314 | D:11     | Noticed a two-headed ogre
 11330 | D:11     | Killed a two-headed ogre
 11394 | D:11     | Identified the +3 chain mail of Inference {rElec Regen+
                  | Int+4}
 11486 | D:11     | Noticed a two-headed ogre
 11492 | D:11     | Killed a two-headed ogre
 11719 | Lair:1   | Entered Level 1 of the Lair of Beasts
 11879 | Lair:1   | Reached XP level 12. HP: 95/110 MP: 11/11
 11965 | Lair:1   | Noticed a six-headed hydra
 11992 | Lair:1   | Killed a six-headed hydra
 12025 | Lair:1   | You fall into a shaft and drop 1 floor!
 12025 | Lair:2   | Noticed a boulder beetle
 12054 | Lair:2   | Killed a boulder beetle
 12064 | Lair:2   | Reached skill level 15 in Axes
 12203 | Lair:2   | Reached skill level 10 in Dodging
 12628 | Lair:2   | Received a gift from Trog
 12687 | Lair:2   | Noticed Fannar
 12710 | Lair:2   | Killed Fannar
 12711 | Lair:2   | Reached skill level 5 in Evocations
 12729 | Lair:2   | Noticed a five-headed hydra
 12760 | Lair:2   | Killed a five-headed hydra
 13028 | Lair:2   | Reached skill level 16 in Axes
 13400 | Lair:3   | Noticed a death yak
 13401 | Lair:3   | Noticed a death yak
 13420 | Lair:3   | Noticed a death yak
 13421 | Lair:3   | Noticed a death yak
 13621 | Lair:3   | Reached XP level 13. HP: 118/118 MP: 12/12
 14556 | Lair:4   | Reached skill level 17 in Axes
 14596 | Lair:4   | Found a staircase to the Shoals.
 14622 | Lair:4   | Found a staircase to the Snake Pit.
 14719 | Lair:4   | Found the +3 sling "Punk" {acid, rCorr}
 14755 | Lair:4   | Found a frozen archway.
 14757 | Lair:4   | Received a gift from Trog
 14770 | IceCv    | Entered an ice cave
 15110 | IceCv    | Identified the +1 ice dragon scales of Odou {rF- rC++ Will+
                  | Str+3}
 15250 | IceCv    | Reached ****** piety under Trog
 15356 | IceCv    | Noticed a quicksilver ooze
 15370 | IceCv    | Killed a quicksilver ooze
 15428 | IceCv    | Noticed a quicksilver ooze
 15441 | IceCv    | Killed a quicksilver ooze
 15587 | IceCv    | Noticed a quicksilver ooze
 15598 | IceCv    | Killed a quicksilver ooze
 15626 | IceCv    | Found a viscous altar of Jiyva.
 15626 | IceCv    | Noticed an azure jelly
 15646 | IceCv    | Killed an azure jelly
 15713 | IceCv    | Identified the ring "Veystric" {rPois rC- rCorr MP+9 Dex+3}
 15715 | IceCv    | Identified the amulet of Viatat {Acrobat -Cast rF+ Str+3}
 16259 | Lair:4   | Reached XP level 14. HP: 120/129 MP: 13/13
 16899 | Lair:5   | Reached skill level 18 in Axes
 16905 | Lair:5   | Received a gift from Trog
 17322 | Lair:6   | Entered Level 6 of the Lair of Beasts
 17418 | Lair:6   | Found a gate leading to a gauntlet.
 17431 | Gauntlet | Entered a Gauntlet
 17431 | Gauntlet | Found a transporter.
 17437 | Gauntlet | Found a transporter.
 17438 | Gauntlet | Found a transporter.
 17456 | Gauntlet | Found a transporter.
 17458 | Gauntlet | Found a transporter.
 17465 | Gauntlet | Found a transporter.
 17485 | Gauntlet | Found a transporter.
 17492 | Gauntlet | Found a transporter.
 17499 | Gauntlet | Found a transporter.
 17503 | Gauntlet | Found a transporter.
 17506 | Gauntlet | Found a runed translucent door.
 17526 | Gauntlet | Found a transporter.
 17526 | Gauntlet | Found a transporter.
 17587 | Gauntlet | Found a transporter.
 17592 | Gauntlet | Found a transporter.
 17648 | Gauntlet | Noticed a red very ugly thing
 17648 | Gauntlet | Noticed a purple very ugly thing
 17652 | Gauntlet | Noticed an ironbound thunderhulk
 17661 | Gauntlet | Noticed a green very ugly thing
 17667 | Gauntlet | Noticed a purple very ugly thing
 17672 | Gauntlet | Noticed an ironbound thunderhulk
 17680 | Gauntlet | Identified the +8 quarterstaff of Wovydiox {flame, Str+2}
 17758 | Gauntlet | Identified the ring "Muojusti" {rF+ EV+4}
 18370 | Lair:6   | Reached skill level 19 in Axes
 18602 | Lair:6   | Found a staircase to the Slime Pits.
 19118 | D:12     | Received a gift from Trog
 19351 | D:12     | Reached XP level 15. HP: 128/138 MP: 14/14
 19632 | D:12     | Found a staircase to the Orcish Mines.
 19684 | Orc:1    | Entered Level 1 of the Orcish Mines
 19736 | Orc:2    | Entered Level 2 of the Orcish Mines
 19736 | Orc:2    | Noticed an orc warlord
 19763 | Orc:1    | Killed an orc warlord
 19861 | Orc:2    | Noticed an orc warlord
 19964 | Orc:1    | Received a gift from Trog
 20041 | Orc:1    | Killed an orc warlord
 20470 | Orc:2    | Noticed an orc warlord
 20591 | Orc:2    | Received a gift from Trog
 20594 | Orc:1    | Killed an orc warlord
 20692 | Orc:2    | Found a staircase to the Elven Halls.
 20950 | Orc:2    | Found Lestea's Antique Armour Boutique.
 20951 | Orc:2    | Found Zeicsur's Antique Weapon Boutique.
 20953 | Orc:2    | Found Busoesan's General Store.
 20953 | Orc:2    | Found Moixewun's Book Shop.
 21032 | Orc:1    | Noticed an orc warlord
 21038 | Orc:1    | Noticed Erica
 21044 | Orc:1    | Noticed Snorg
 21055 | Orc:2    | Killed an orc warlord
 21130 | Orc:2    | Killed Snorg
 21179 | Orc:1    | Killed Erica
 21216 | Orc:1    | Noticed an orc warlord
 21233 | Orc:1    | Killed an orc warlord
 21316 | Orc:1    | Reached skill level 20 in Axes
 21367 | Orc:1    | Found Bifol's Distillery.
 21374 | Orc:1    | Bought a potion of mutation for 96 gold pieces
 21374 | Orc:1    | Bought a potion of mutation for 96 gold pieces
 21721 | Orc:2    | Bought a runed hat for 196 gold pieces
 21732 | Orc:2    | Bought a translucent plate armour for 784 gold pieces
 21732 | Orc:2    | Identified the +1 plate armour "Waludiat" {-Tele rN+++
                  | Dex+4 Slay+2} (You bought it in a shop on level 2 of the
                  | Orcish Mines)
 21738 | Orc:2    | Bought a shimmering battleaxe for 276 gold pieces
 21738 | Orc:2    | Identified the +7 battleaxe "Xumn" {freeze, Int+4} (You
                  | bought it in a shop on level 2 of the Orcish Mines)
 22031 | D:13     | Received a gift from Trog
 22709 | D:14     | Noticed Josephine
 22724 | D:14     | Killed Josephine
 22920 | D:14     | Found a gate to the Vaults.
 22936 | D:14     | Reached skill level 15 in Fighting
 23468 | D:15     | Entered Level 15 of the Dungeon
 23481 | D:15     | Reached XP level 16. HP: 128/149 MP: 15/15
 23591 | D:15     | Found a white marble altar of Elyvilon.
 23612 | D:15     | Reached skill level 15 in Armour
 23706 | D:15     | Found a staircase to the Depths.
 23715 | D:15     | Received a gift from Trog
 23940 | D:15     | Noticed Rupert
 23956 | D:15     | Killed Rupert
 23957 | D:15     | Reached skill level 21 in Axes
 24901 | Snake:1  | Entered Level 1 of the Snake Pit
 24923 | Snake:1  | HP: 6/149 [naga mage (19)]
 24924 | Snake:1  | Slain by a naga mage

Illustrated notes

Levels and vault maps discovered:
D:1:      amcnicky_arrival_feature_with_door, layout_rooms
D:2:      layout_basic, ebering_ecumenical_altar_box
D:3:      layout_basic, chequers_serial_rivers_small_a
D:4:      minmay_octagon_keep, layout_loops_ring, tgw_sif,
          ebering_ghost_reflecting_pool, minmay_misc_feat_pillars,
          kennysheep_big_empty_room
D:5:      layout_loops_corners, minmay_temple_entry_nine_rooms,
          lightli_corner_chamber, uniq_edmund
D:6:      layout_layer_cave
D:7:      layout_basic, mainiacjoe_overflow_concentric_impassable, st_stairs_13
D:8:      layout_basic, bloody_makhleb, due_lair_maze_entry_diamond,
          minmay_misc_feat_enclosed, hangedman_decor_clover_reticule,
          minmay_small_thing
D:9:      layout_grid_maze, mainiacjoe_overflow_alcove_2, minmay_door_square,
          st_stairs_9, hex_tiny, minivault_24
D:10:     layout_stronghold, enter_bailey_5, minmay_sticks_and_stones
D:11:     layout_roguey, eino_tiny_chamber, palyth_stone_intersect,
          minmay_misc_feat_columns, minmay_misc_feat_chi,
          evilmike_ruin_ashenzari
D:12:     layout_rooms, orc_0_dummy, minivault_8
D:13:     layout_stronghold
D:14:     layout_basic, erik_vaults_2, uniq_josephine
D:15:     gammafunk_depths_entry_grave, layout_basic,
          nicolae_elyvilon_peaceful_grove, uniq_rupert
Temple:   dpeg_five_rooms_temple
Lair:1:   layout_gridlike
Lair:2:   layout_chaotic_city, minmay_hedge_maze, grunt_forest_small_clearings,
          uniq_fannar
Lair:3:   layout_chaotic_city
Lair:4:   layout_misc_corridors, shoals_dummy_entry,
          minmay_snake_entry_six_corridors, serial_forest,
          infiniplex_forest_lined_room_3, infiniplex_forest_straight_1,
          infiniplex_forest_end_3, infiniplex_forest_fountain,
          infiniplex_forest_end_2, portal_ice_cave_entry_imps, st_stairs_7,
          beast_lair_carwin_11
Lair:5:   layout_misc_corridors, serial_bayou_crossing
Lair:6:   hangedman_lair_tendril_chambers, layout_big_grid, slime_dummy,
          gauntlet_entry_generic, infiniplex_staircase_pool_2
Snake:1:  layout_onion_interference, amcnicky_altar_lugonu_corruption,
          grunt_megastairs_3
Orc:1:    layout_diamond_mine, serial_shops, shop, uniq_snorg, uniq_erica
Orc:2:    st_orc_congregation, layout_caves, mines1_david

Skill      XL: |  1  2  3  4  5  6  7  8  9 10 11 12 13 14 15 16 |
---------------+-------------------------------------------------+-----
Axes           | 4 5 6 7 9 11 13 14 16 17 19 20 21 | 21.2
Fighting       | 4 5 6 7 8 9 11 12 13 14 15 | 15.6
Armour         | 3 4 5 6 8 9 10 11 12 13 14 15 | 15.3
Dodging        | 3 4 6 7 8 9 10 11 12 13 14 | 14.3
Evocations     | 3 5 6 8 9 |  9.8

Action                   |  1- 3 |  4- 6 |  7- 9 | 10-12 | 13-15 | 16-18 || total
-------------------------+-------+-------+-------+-------+-------+-------++-------
Melee: Hand axe          |    87 |   123 |   142 |       |       |       ||   352
       Headbutt          |     7 |    22 |    48 |   116 |   314 |    50 ||   557
       Punch             |       |     3 |     4 |     8 |     7 |       ||    22
       War axe           |       |       |   117 |   528 |   292 |       ||   937
       Morningstar       |       |       |       |    17 |     7 |       ||    24
       Battleaxe         |       |       |       |       |   941 |   170 ||  1111
       Executioner's axe |       |       |       |       |     8 |       ||     8
Throw: Stone             |       |    43 |       |       |       |       ||    43
       Dart              |       |       |    14 |    10 |       |       ||    24
Invok: Berserk           |     2 |     2 |     6 |     3 |     7 |     1 ||    21
       Trog's Hand       |       |       |       |     4 |     2 |     1 ||     7
  Use: Scroll            |       |       |     5 |    11 |    11 |     2 ||    29
       Potion            |       |       |       |     1 |       |     2 ||     3
 Stab: Petrified         |       |       |       |       |     4 |       ||     4
Armor: Animal skin       |     9 |       |       |       |       |       ||     9
       Leather armour    |     2 |     2 |       |       |       |       ||     4
       Ring mail         |       |    26 |    23 |       |       |       ||    49
       Chain mail        |       |       |    61 |   170 |   402 |    63 ||   696
       Troll leather arm |       |       |       |     9 |       |       ||     9
Dodge: Dodged            |    58 |    97 |   225 |   390 |   877 |   157 ||  1804
       Repelled          |       |       |       |       |     4 |     3 ||     7
